 Dungeon Crawl Stone Soup version 0.25-a0-86-ga6f17ae7d4 (webtiles) character file.

Game seed: 15785021985660498023, levelgen mode: deterministic

259 Sommings the Poker (level 5, -5/46 HPs)
             Began as a Minotaur Gladiator on Nov 9, 2019.
             Slain by a worker ant (6 damage)
             ... on level 5 of the Dungeon.
             The game lasted 00:48:21 (2109 turns).

Sommings the Poker (Minotaur Gladiator)             Turns: 2109, Time: 00:48:21

Health: -5/46      AC:  8    Str: 19    XL:     5   Next: 94%
Magic:  4/4        EV:  8    Int:  5    God:
Gold:   87         SH:  0    Dex: 12    Spells: 4/4 levels left

rFire    . . .     SeeInvis .   y - +1 flail (holy)
rCold    . . .     Gourm    .   (no shield)
rNeg     . . .     Faith    .   m - +0 chain mail
rPois    .         Spirit   .   c - +0 hat {red}
rElec    .         Reflect  .   (no cloak)
rCorr    .         Harm     .   (no gloves)
MR       .....                  (no boots)
Stlth    ..........             (no amulet)
HPRegen  0.15/turn              x - ring of flight
MPRegen  0.09/turn              (no ring)

@: lethally poisoned (-5 -> -5), flying
A: retaliatory headbutt, horns 2
a: no special abilities


You were on level 5 of the Dungeon.
You were not hungry.

You visited 1 branch of the dungeon, and saw 5 of its levels.

You collected 87 gold pieces.

Inventory:

Hand Weapons
 a - a +0 trident
 e - a +0 dagger
 g - a +0 war axe of chopping
 j - a +0 club
 p - a +0 dagger
 t - a +0 short sword
 y - a +1 flail of holy wrath (weapon)
 A - a +0 trident
 B - a cursed -2 rapier
Missiles
 d - 3 throwing nets
 q - 7 arrows
 w - 5 boomerangs (quivered)
Armour
 b - a +0 robe
 c - a +0 hat (worn) {red}
 m - a +0 chain mail (worn)
 n - a +0 leather armour
 o - a +0 ring mail
Jewellery
 x - a ring of flight (left hand)
 z - a cursed ring of attention {unknown}
Wands
 u - a wand of paralysis (9)
Scrolls
 h - 3 scrolls of remove curse {unknown}
 i - 2 scrolls of noise {unknown}
 k - 4 scrolls of identify {unknown}
 l - 2 scrolls of teleportation {unknown}
 r - a scroll of fog {unknown}
Comestibles
 f - 2 rations


   Skills:
 + Level 4.3 Fighting
 * Level 6.4 Polearms
 + Level 3.1 Throwing
 - Level 3.4 Dodging


You had 4 spell levels left.
You didn't know any spells.
Your spell library was empty.

Dungeon Overview and Level Annotations

Branches:
Dungeon (5/15)
 Temple: D:4-7

Altars:
Cheibriados
Hepliaklqana
Makhleb
Okawaru
Ru
Wu Jian
Zin


Innate Abilities, Weirdness & Mutations

You reflexively headbutt those who attack you in melee.
You have a pair of horns on your head.


Message History

The ball python skeleton's grasp on you weakens, but your attempt to escape fails.
The worker ant bites you but does no damage.
The scorpion stings you but does no damage.
The ball python skeleton bites you but does no damage.
The ball python skeleton constricts you.
You escape the ball python skeleton's grasp.
* * * LOW HITPOINT WARNING * * *
You feel sick.
The scorpion stings you but does no damage.
The worker ant bites you but does no damage.
* * * LOW HITPOINT WARNING * * *
You feel sick.
The teleport trap disappears.
The scorpion disappears!
A bullfrog zombie comes into view.
The worker ant barely misses you.
Found 10 gold pieces.
* * * LOW HITPOINT WARNING * * *
You feel sick.
* * * LOW HITPOINT WARNING * * *
You feel sick. The worker ant bites you.
You die...

.. #.########
........######
#..$.#......#
#....#......#######
#....#.............
####....#@............
........a.............
###....#.............
#######..Z.#.............
.......Z.###.............
.........# #...s......(..
.........###.............
#........................
..##...........###.......


You could see a scorpion, a worker ant, a bullfrog zombie and a ball python
skeleton.

Vanquished Creatures
  Edmund (D:4)
  An orc wizard (D:4)
  A gnoll (D:1)
  2 adders
  An ooze (D:1)
  2 worms (D:3)
  2 dart slugs
  3 leopard geckos
  6 orcs
  10 bats
  3 giant cockroaches
  8 goblins
  6 hobgoblins
  5 kobolds
  4 frilled lizards
  2 rats
57 creatures vanquished.

Notes
Turn   | Place    | Note
-------+----------+-------------------------------------------
     0 | D:1      | Sommings the Minotaur Gladiator began the quest for the
                  | Orb.
     0 | D:1      | Reached XP level 1. HP: 18/18 MP: 0/0
   115 | D:1      | Reached skill level 4 in Polearms
   119 | D:1      | Reached XP level 2. HP: 5/25 MP: 1/1
   321 | D:1      | Reached XP level 3. HP: 11/31 MP: 2/2
  1189 | D:2      | Reached skill level 5 in Polearms
  1325 | D:3      | Reached XP level 4. HP: 29/38 MP: 3/3
  1326 | D:3      | Found a hazy altar of Hepliaklqana.
  1489 | D:3      | Found a snail-covered altar of Cheibriados.
  1625 | D:3      | Found a glowing silver altar of Zin.
  1660 | D:3      | Found an ornate altar of the Wu Jian Council.
  1699 | D:3      | Found a burning altar of Makhleb.
  1709 | D:3      | Found an iron altar of Okawaru.
  1864 | D:4      | Noticed Edmund
  1891 | D:4      | Killed Edmund
  1891 | D:4      | Reached skill level 6 in Polearms
  1891 | D:4      | Reached XP level 5. HP: 21/46 MP: 4/4
  1969 | D:4      | Found a sacrificial altar of Ru.
  2078 | D:5      | Entered Level 5 of the Dungeon
  2102 | D:5      | HP: 2/46 [poisoned by a worker ant]
  2109 | D:5      | HP: 1/46 [poisoned by a worker ant]
  2109 | D:5      | Slain by a worker ant

Levels and vault maps discovered:
D:1:      mrwooster_arrival_arrow, layout_loops_cross
D:2:      layout_rooms, eat_drink_and_be_merry_uskayaw, first_ration,
          item_on_display_a
D:3:      layout_basic, kennysheep_slug_shrine, nicolae_overflow_hidden_temple,
          nicolae_overflow_quartered_altars, hangedman_abyss_or_decor_stabs,
          dk_noncrumbling_2
D:4:      layout_basic, nicolae_ru_great_annihilating_truth,
          gammafunk_ghost_split, uniq_pikel, uniq_edmund
D:5:      layout_basic, st_stairs_11, minmay_mini_ossuary

Skill      XL: |  1  2  3  4 |
---------------+-------------+-----
Polearms       | 4 5 6 |  6.4
Fighting       | 3 4 |  4.3
Throwing       | 3 |  3.1
Dodging        | |  3.4

Action                   |  1- 3 |  4- 6 || total
-------------------------+-------+-------++-------
Melee: Trident           |    76 |    48 ||   124
       Headbutt          |     7 |    18 ||    25
       Flail             |       |    33 ||    33
  Use: Potion            |     2 |     3 ||     5
 Stab: Paralysed         |       |     1 ||     1
  Eat: Ration            |     1 |     1 ||     2
Armor: Leather armour    |     1 |       ||     1
       Skin              |     1 |       ||     1
       Chain mail        |    16 |    63 ||    79
       Robe              |     5 |       ||     5
Dodge: Dodged            |    57 |    50 ||   107

Table legend:
 A = Non-vault XP
 B = Vault XP
 C = Vault XP percentage of total XP
 D = Non-vault monster count
 E = Vault monster count
 F = Vault count percentage of total count
                 A         B        C        D         E       F
            +---------+---------+-------+---------+---------+-------
      Total |     142 |     228 |  61.6 |      51 |       6 |  10.5
            +---------+---------+-------+---------+---------+-------
        D:1 |      58 |       0 |   0.0 |      21 |       0 |   0.0
        D:2 |      27 |       0 |   0.0 |       8 |       0 |   0.0
        D:3 |      38 |       4 |   9.5 |      15 |       1 |   6.2
        D:4 |      19 |     224 |  92.2 |       7 |       5 |  41.7
            +---------+---------+-------+---------+---------+-------
